 Dungeon Crawl Stone Soup version 0.24-a0-479-g9a978d2894 (webtiles) character file.

Game seed: 6421278220019281831

827 Murumi the Magician (level 7, -30/54 HPs)
             Began as a Demonspawn Transmuter on July 6, 2019.
             Blown up by Pikel (32 damage)
             ... with a disintegration bolt
             ... on level 5 of the Dungeon.
             The game lasted 00:23:04 (5970 turns).

Murumi the Magician (Demonspawn Transmuter)         Turns: 5970, Time: 00:23:06

Health: -30/54     AC:  4    Str: 12      XL:     7   Next: 64%
Magic:  0/13       EV: 13    Int: 15      God:
Gold:   228        SH:  0    Dex: 11 (13) Spells: 4/14 levels left

rFire    + + .     SeeInvis .     - Unarmed
rCold    . . .     Gourm    .   (no shield)
rNeg     . . .     Faith    .   b - +0 robe
rPois    .         Spirit   +   (helmet restricted)
rElec    .         Reflect  .   g - scarf {repulsion}
rCorr    .         Harm     .   c - +1 pair of gloves
MR       .....                  (no boots)
Stlth    +.........             (no amulet)
HPRegen  0.18/turn              n - ring of protection from fire
MPRegen  0.26/turn              (no ring)

@: berserk cooldown, slowed, repel missiles, very slow
A: horns 2, fire resistance 1, magic shield, magic regeneration, sturdy frame 1
a: no special abilities


You were on level 5 of the Dungeon.
You were not hungry.

You visited 1 branch of the dungeon, and saw 6 of its levels.

You collected 228 gold pieces.

Inventory:

Missiles
 a - 92 arrows
 f - 4 curare-tipped darts
 i - 268 stones
 p - 5 boomerangs (quivered)
 q - a throwing net
Armour
 b - a +0 robe (worn)
 c - a +1 pair of gloves (worn)
 g - a scarf of repulsion (worn)
Jewellery
 n - a ring of protection from fire (left hand)
Scrolls
 j - 3 scrolls of teleportation
 k - 2 scrolls of enchant armour
 o - a scroll of blinking
Potions
 e - a potion of heal wounds
 h - a potion of haste
 l - 2 potions of berserk rage
 m - a potion of cancellation
Comestibles
 d - 13 rations


   Skills:
 - Level 4.0 Fighting
 - Level 3.1 Throwing
 - Level 1.0 Armour
 - Level 3.2 Dodging
 + Level 3.1 Unarmed Combat
 - Level 4.3 Spellcasting
 - Level 3.4 Transmutations


You had 4 spell levels left.
You knew the following spells:

 Your Spells              Type           Power        Failure   Level  Hunger
a - Beastly Appendage     Tmut           ##....       4%          1    None
b - Sticks to Snakes      Tmut           ##......     6%          2    ##.....
c - Spider Form           Tmut/Pois      #.........   26%         3    ###....
d - Ice Form              Ice/Tmut       #.......     65%         4    ####...

Your spell library contained the following spells:

 Spells                   Type           Power        Failure   Level  Hunger
 Blade Hands              Tmut           ##........   75%         5    ######.


Dungeon Overview and Level Annotations

Branches:
Dungeon (6/15)
 Temple: D:4-7

Altars:
Ashenzari
Qazlal
Trog
Uskayaw

Shops:
D:4 !

Annotations:
D:5 Pikel


Innate Abilities, Weirdness & Mutations

You have a pair of horns on your head.
Your flesh is heat resistant. (rF+)
When hurt, damage is shared between your health and your magic reserves.
You regenerate magic rapidly.
Your movements are slightly less encumbered by armour. (ER -2)


Message History

Pikel zaps a wand.
You struggle to resist.
Pikel zaps a wand.
You are blasted!
* * * LOW HITPOINT WARNING * * *
You feel much better.
Pikel hits you with a +0 whip of electrocution!
You are electrocuted!
* * * LOW HITPOINT WARNING * * *
Pikel hits you with a +0 whip of electrocution!
* * * LOW HITPOINT WARNING * * *
Casting: Beastly Appendage (safe; 4% risk of failure)
Confirm with . or Enter, or press ? or * to list all spells.
You don't have enough magic to cast that spell.
Pikel misses you. The slave barely misses you.
Casting: Beastly Appendage (safe; 4% risk of failure)
Confirm with . or Enter, or press ? or * to list all spells.
You create a snake!
You now have 92 arrows.
The slave hits you.
* * * LOW HITPOINT WARNING * * *
Pikel zaps a wand.
You are blasted!
Ouch! That really hurt!
You die...

###### .....# ####.# #.#
################### ####.#
#.....p...........#
#.##.#####.....K@.S..#####.#
.....).#.....####.##.# #.#
....)).....#.# #.##.# #.#
...###...###p####.##.# #.#
...###...###.#....##.# #.#
.......#†K##.#.#####.# #.#
.#.######p##.#.# #.# #.#
.#.# #.##.#.#####.# #.# .#.#
#..........#.# #.#


You could see Pikel, a slave and a friendly ball python.

Vanquished Creatures
  Prince Ribbit (D:5)
  A slave (D:5)
  2 ogres (D:4)
  A phantom (D:5)
  A howler monkey (D:4)
  A crimson imp (D:4)
  A hound (D:6)
  A quasit (D:5)
  2 orc priests (D:5)
  A worker ant (D:4)
  2 orc wizards (D:5)
  A hound skeleton (D:5)
  2 gnolls (D:5)
  2 adders
  A shadow imp (D:4)
  3 oozes
  An adder skeleton (D:4)
  A worm (D:1)
  2 dart slugs (D:2)
  3 leopard geckos (D:5)
  5 orcs (D:4)
  2 ball pythons
  4 giant cockroaches
  4 goblins
  6 hobgoblins
  7 jackals
  3 kobolds
  3 quokkas (D:2)
  5 bats
  4 frilled lizards
  A giant cockroach zombie (D:5)
  A leopard gecko zombie (D:5)
  5 rats
80 creatures vanquished.

Vanquished Creatures (collateral kills)
  A gnoll (D:5)
  2 orcs (D:5)
3 creatures vanquished.

Grand Total: 83 creatures vanquished

Notes
Turn   | Place    | Note
-------+----------+-------------------------------------------
     0 | D:1      | Murumi the Demonspawn Transmuter began the quest for the
                  | Orb.
     0 | D:1      | Reached XP level 1. HP: 15/15 MP: 3/3
   701 | D:1      | Gained mutation: When hurt, damage is shared between your
                  | health and your magic reserves. [demonic ancestry]
   701 | D:1      | Reached XP level 2. HP: 16/21 MP: 3/5
   705 | D:1      | Learned a level 2 spell: Sticks to Snakes
  1094 | D:2      | Gained mutation: You regenerate magic rapidly. [demonic
                  | ancestry]
  1094 | D:2      | Reached XP level 3. HP: 21/27 MP: 4/6
  1569 | D:2      | Found a shattered altar of Ashenzari.
  1725 | D:2      | Reached skill level 1 in Armour
  1736 | D:2      | Learned a level 3 spell: Spider Form
  2300 | D:3      | Noticed a +0 dagger
  2300 | D:3      | Noticed a +0 hand axe
  2390 | D:3      | Gained mutation: You have a pair of small horns on your
                  | head. [demonic ancestry]
  2390 | D:3      | Reached XP level 4. HP: 34/34 MP: 7/7
  2596 | D:3      | Found a bloodstained altar of Trog.
  2618 | D:3      | Found a hide-covered altar of Uskayaw.
  2677 | D:3      | Found a stormy altar of Qazlal.
  3078 | D:4      | Found Titseur's Distillery.
  3155 | D:4      | Noticed an ogre
  3164 | D:4      | Killed an ogre
  3164 | D:4      | Gained mutation: Your flesh is heat resistant. (rF+)
                  | [demonic ancestry]
  3164 | D:4      | Reached XP level 5. HP: 26/41 MP: 8/8
  4174 | D:4      | Noticed an ogre
  4191 | D:4      | Killed an ogre
  4191 | D:4      | Gained mutation: Your movements are slightly less
                  | encumbered by armour. (ER -2) [demonic ancestry]
  4191 | D:4      | Reached XP level 6. HP: 47/47 MP: 3/9
  4299 | D:5      | Entered Level 5 of the Dungeon
  4482 | D:5      | Found Ywulost's Jewellery Shop.
  4770 | D:5      | Noticed Prince Ribbit
  4796 | D:5      | Killed Prince Ribbit
  4796 | D:5      | Gained mutation: You have a pair of horns on your head.
                  | [demonic ancestry]
  4796 | D:5      | Reached XP level 7. HP: 36/52 MP: 3/13
  5866 | D:5      | Learned a level 4 spell: Ice Form
  5896 | D:6      | Noticed Pikel
  5963 | D:5      | HP: 2/54 [disintegration (9)]
  5970 | D:5      | HP: 2/54 [slave[Pikel] (6)]
  5970 | D:5      | Blown up by Pikel

Levels and vault maps discovered:
D:1:      dpeg_arrival_brainrot, layout_loops_corners
D:2:      layout_loops_ring, evilmike_ruin_ashenzari, first_ration
D:3:      layout_loops_ring, overflow_temple_1_default, dancing_weapons_uskayaw,
          grunt_qazlal_sundering
D:4:      layout_loops_corners, serial_shops, shop
D:5:      layout_loops_ring, serial_shops, nicolae_shop_stone,
          uniq_prince_ribbit1
D:6:      layout_cave_pools, serial_shops, nicolae_shop_stone, basic_altar,
          kennysheep_generic_room_7, uniq_pikel

Skill      XL: |  1  2  3  4  5  6  7 |
---------------+----------------------+-----
Dodging        | 2 3 |  3.2
Transmutations | 2 3 |  3.4
Unarmed Combat | 3 |  3.1
Fighting       | 2 3 4 |  4.0
Armour         | 1 |  1.0
Throwing       | 2 3 |  3.1
Spellcasting   | 4 |  4.3

Action                   |  1- 3 |  4- 6 |  7- 9 || total
-------------------------+-------+-------+-------++-------
Melee: Unarmed           |   168 |    75 |    89 ||   332
       Headbutt          |    14 |    13 |     8 ||    35
       Kick              |     2 |    11 |    15 ||    28
       Punch             |     1 |       |     1 ||     2
Throw: Dart              |     1 |    11 |       ||    12
       Stone             |     3 |    15 |       ||    18
       Boomerang         |       |    21 |    21 ||    42
 Cast: Beastly Appendage |    12 |     7 |     6 ||    25
       Sticks to Snakes  |       |    13 |     3 ||    16
  Use: Scroll            |     8 |     4 |     3 ||    15
       Potion            |     1 |       |     2 ||     3
 Stab: Sleeping          |     3 |       |       ||     3
       Distracted        |       |     1 |       ||     1
  Eat: Chunk             |     5 |     4 |     2 ||    11
       Ration            |       |     1 |     1 ||     2
Armor: Robe              |    29 |     8 |    33 ||    70
Dodge: Dodged            |   105 |    42 |    98 ||   245
       Deflected         |     1 |     1 |     1 ||     3

Table legend:
 A = Non-vault XP
 B = Vault XP
 C = Vault XP percentage of total XP
 D = Non-vault monster count
 E = Vault monster count
 F = Vault count percentage of total count
                 A         B        C        D         E       F
            +---------+---------+-------+---------+---------+-------
      Total |     913 |     269 |  22.8 |      80 |       2 |   2.4
            +---------+---------+-------+---------+---------+-------
        D:1 |      30 |       5 |  14.3 |      16 |       1 |   5.9
        D:2 |      56 |       0 |   0.0 |      19 |       0 |   0.0
        D:3 |       8 |       0 |   0.0 |       6 |       0 |   0.0
        D:4 |     390 |       0 |   0.0 |      15 |       0 |   0.0
        D:5 |     384 |     264 |  40.7 |      23 |       1 |   4.2
        D:6 |      45 |       0 |   0.0 |       1 |       0 |   0.0
            +---------+---------+-------+---------+---------+-------
